cohdb
Replays
Latest Replays
All Replays
Popular Replays
Top Player Replays
Match Explorer
How It Works
Community
CoH3 Stats
Reddit
Sign in to upload your games and track your stats! →
Sign in with Steam
Match 39733190
Unlisted
Match 39733190
Overview
Messages
Build Orders
End
Royal Engineer Section
Construct Section Command Post
Infantry Section
Infantry Section
Vickers Machine Gun Team
Selects Canadian Shock Battlegroup
Selects Attacking Spirit
Selects Canadian Shock Section
Construct Platoon Command Post
Humber Armored Car
Selects Incendiary Munitions
Canadian Shock Section
Canadian Shock Section
Construct Field Infirmary
Selects Smoke Operation
Smoke Operation
Construct Company Command Post
Selects Pyrotechnics
Crusader II Medium Tank
Crusader II Medium Tank
Selects Churchill Crocodile Heavy Tank
Smoke Operation
Churchill Crocodile Heavy Tank
dzd_slmndr
yellow_Bird [UA]
matjouz
Sarmynation
0
0
Comments
sign in to comment!
No comments posted yet!